 Dungeon Crawl Stone Soup version 0.21.0-22-g11d5b52 (webtiles) character file.

6474 theElss the Basher (level 11, -4/69 HPs)
             Began as a Gargoyle Berserker on Jan 18, 2018.
             Was an Elder of Trog.
             Slain by Sonja
             ... wielding a +1 short sword of distortion
              (12 damage)
             ... on level 10 of the Dungeon.
             The game lasted 00:36:22 (9113 turns).

theElss the Basher (Gargoyle Berserker)             Turns: 9113, Time: 00:36:22

Health: -4/69      AC: 32    Str: 25    XL:     11   Next: 0%
Magic:  11/11      EV:  8    Int:  7    God:    Trog [****..]
Gold:   568        SH:  0    Dex:  9    Spells: 10/10 levels left

rFire    . . .     SeeInvis .   a - +1 morningstar (freeze)
rCold    . . .     Gourm    .   (no shield)
rNeg     + . .     Faith    .   b - +0 plate armour (curse)
rPois    ∞         Spirit   .   h - +0 helmet
rElec    +         Reflect  .   v - +2 cloak
rCorr    .         Harm     .   z - +0 pair of gloves
MR       .....                  (no boots)
Stlth    ..........             (no amulet)
HPRegen  0.21/turn              d - +2 ring of protection
MPRegen  0.12/turn              F - +3 ring of protection

@: about to teleport
A: negative energy resistance 1, electricity resistance, unbreathing,
petrification resistance, rot immunity, AC +8
a: Berserk, Trog's Hand, Brothers in Arms, Burn Spellbooks, Renounce Religion


You were on level 10 of the Dungeon.
You worshipped Trog.
Trog was greatly pleased with you.
You were not hungry.

You visited 1 branch of the dungeon, and saw 11 of its levels.
You visited the Abyss 1 time.

You collected 568 gold pieces.

Inventory:

Hand Weapons
 a - a +1 morningstar of freezing (weapon)
 N - a +1 morningstar of crushing
Armour
 b - a cursed +0 plate armour (worn)
 h - a +0 helmet (worn)
 v - a +2 cloak (worn)
 z - a +0 pair of gloves (worn)
Jewellery
 d - a +2 ring of protection (left hand)
 F - a +3 ring of protection (right hand)
 L - an uncursed amulet of rage
Wands
 B - a wand of paralysis (12)
 G - a wand of acid (5)
 I - a wand of polymorph (10)
Scrolls
 e - 15 scrolls of identify {unknown}
 f - 3 scrolls of fog {unknown}
 g - 8 scrolls of teleportation {unknown}
 k - a scroll of fear {unknown}
 n - 4 scrolls of immolation {unknown}
 o - 6 scrolls of enchant armour {unknown}
 r - 3 scrolls of amnesia {unknown}
 u - 4 scrolls of remove curse {unknown}
 w - 2 scrolls of random uselessness {unknown}
 x - a scroll of magic mapping {unknown}
 y - a scroll of torment {unknown}
 M - a scroll of holy word {unknown}
 O - a scroll of blinking {unknown}
Potions
 i - 2 potions of haste {unknown}
 j - a potion of brilliance {unknown}
 l - a potion of heal wounds {unknown}
 m - a potion of magic {unknown}
 p - 2 potions of cancellation {unknown}
 q - 6 potions of curing
 s - a potion of flight {unknown}
 t - a potion of might {unknown}
 A - a potion of mutation {unknown}
 C - a potion of ambrosia {unknown}
 D - 4 potions of invisibility {unknown}
 H - a potion of agility {unknown}
 J - a potion of degeneration {unknown}
Books
 E - a book of Cantrips

   Spells                             Type                      Level
   a - Confusing Touch                Hexes                        1
   b - Animate Skeleton               Necromancy                   1
   c - Summon Small Mammal            Summoning                    1
   d - Apportation                    Translocation                1
   Trog disapproves of the use of such an item.
Comestibles
 c - 21 rations
 K - a chunk of flesh


   Skills:
 + Level 8.7 Fighting
 + Level 12.5 Maces & Flails
 + Level 7.7 Armour
 + Level 3.0 Dodging
 + Level 1.8 Stealth


You had 10 spell levels left.
You didn't know any spells.

Dungeon Overview and Level Annotations

Branches:
Dungeon (11/15)            Temple (0/1) D:5            Lair (0/6) D:8
    Orc: D:9-12

Altars:
Cheibriados
Dithmenos
Elyvilon
Fedhas
Gozag
Nemelex Xobeh
Ru
Sif Muna
Trog
Wu Jian
Yredelemnul
Zin
The Shining One

Annotations:
D:9 exclusion: 2 oklob plants
D:10 Grum; Sonja
D:11 Pawles22's ghost, journeyman TrFi


Innate Abilities, Weirdness & Mutations

You are resistant to torment.
Your stone body is resilient. (AC +8)
You are immune to poison.
You resist negative energy. (rN+)
You are resistant to electric shocks. (rElec)
You can survive without breathing.
You are immune to petrification.
You are immune to rotting.


Message History

You climb downwards.
Level annotation: Pawles22's ghost, journeyman TrFi
There is a stone staircase leading up here.
Pawles22's ghost closely misses you.
You climb upwards.
Level annotation: Grum; Sonja The wolf bites you but does no damage.
Grum hits you from afar with a spear.
* * * LOW HITPOINT WARNING * * *
The wolf bites you but does no damage. Sonja hits you but does no damage.
Space bends around you.
* * * LOW HITPOINT WARNING * * *
Sonja hits you but does no damage. Space bends around you.
* * * LOW HITPOINT WARNING * * *
Sonja hits you but does no damage.
You feel strangely unstable. Grum hits you but does no damage.
There is a stone staircase leading down here.
Your ogre goes berserk!
You feel somewhat more hungry. The wolf bites you but does no damage.
Sonja hits you but does no damage. Space warps horribly around you!
You die...

### #####.## ##......##
#########........##
#..§..##...O......#..
#..##....#.).Yg....#.#
#.. ###.....@h.....#.#
#..#
####..K.....##.#.......
#...
###......##.#.......
#..# ###.......#.......
..# ###.....#.......
#... ####..#(...... #.
##.#....... ..
#.#....... ..
##........


You could see Grum, Sonja, an ice beast, a wolf and a friendly ogre (berserk).

Vanquished Creatures
  A two-headed ogre (D:6)
  The ghost of Monsterracer the Chopper, a novice FoFi of Uskayaw (D:4)
  A centaur skeleton (D:8)
  The ghost of skk the Slasher, an amateur TeSk (D:3)
  A spriggan (D:7)
  Edmund (D:4)
  2 ice beasts
  3 orc warriors
  7 ogres
  2 sky beasts
  A black bear (D:10)
  A necrophage (D:9)
  2 phantoms
  6 centaurs
  3 wolves (D:10)
  A crocodile (D:8)
  Blork the orc (D:4)
  3 big kobolds
  A bullfrog (D:8)
  A gnoll sergeant (D:5)
  2 scorpions
  5 killer bees (D:7)
  3 wights (D:9)
  A howler monkey (D:4)
  A bullfrog zombie (D:9)
  4 crimson imps
  2 quasits
  A centaur zombie (D:8)
  8 hounds
  2 gnoll shamans
  An orc priest (D:7)
  3 bullfrog skeletons
  2 jellies
  3 iguanas
  Natasha (thrice) (D:3)
  7 orc wizards
  5 worker ants
  A killer bee zombie (D:6)
  A hound zombie (D:5)
  2 worker ant zombies
  13 gnolls
  7 adders
  A shadow imp (D:6)
  An ooze (D:4)
  2 adder skeletons (D:6)
  2 worms
  4 dart slugs
  4 leopard geckos
  21 orcs
  7 bats
  10 giant cockroaches
  5 goblins
  6 hobgoblins
  12 jackals
  23 kobolds
  5 quokkas
  5 frilled lizards
  A leopard gecko skeleton (D:5)
  7 rats
  A plant (D:8)
234 creatures vanquished.

Vanquished Creatures (others)
  A plant (D:8)
1 creature vanquished.

Grand Total: 235 creatures vanquished

Notes
Turn   | Place    | Note
-------+----------+-------------------------------------------
     0 | D:1      | theElss the Gargoyle Berserker began the quest for the Orb.
     0 | D:1      | Reached XP level 1. HP: 14/14 MP: 1/1
   152 | D:1      | Reached XP level 2. HP: 19/19 MP: 2/2
   738 | D:3      | Noticed skk's ghost (amateur TeSk)
   758 | D:3      | Killed skk's ghost
   758 | D:3      | Reached skill level 4 in Maces & Flails
   758 | D:3      | Reached XP level 3. HP: 21/24 MP: 3/3
   758 | D:3      | Reached XP level 4. HP: 27/30 MP: 4/4
   758 | D:3      | Reached XP level 5. HP: 30/34 MP: 5/5
   949 | D:3      | Noticed Natasha
   961 | D:3      | Killed Natasha
   961 | D:3      | Reached skill level 5 in Fighting
   961 | D:3      | Reached skill level 5 in Maces & Flails
   961 | D:3      | Reached XP level 6. HP: 38/40 MP: 6/6
  1090 | D:3      | Noticed Natasha
  1099 | D:3      | Killed Natasha
  1099 | D:3      | Reached ** piety under Trog
  1164 | D:3      | Found a faded altar of an unknown god.
  1208 | D:3      | Noticed Natasha
  1218 | D:3      | Killed Natasha
  1933 | D:2      | Found a sparkling altar of Nemelex Xobeh.
  2181 | D:2      | Found a snail-covered altar of Cheibriados.
  2297 | D:2      | Found a bloodstained altar of Trog.
  2448 | D:2      | Found a basalt altar of Yredelemnul.
  2749 | D:4      | Noticed Edmund
  2809 | D:4      | Killed Edmund
  2809 | D:4      | Reached XP level 7. HP: 31/44 MP: 7/7
  2966 | D:4      | Reached skill level 6 in Maces & Flails
  3139 | D:4      | Reached *** piety under Trog
  3429 | D:4      | Noticed Monsterracer's ghost (novice FoFi)
  3445 | D:4      | Killed Monsterracer's ghost
  3445 | D:4      | Reached skill level 7 in Maces & Flails
  3445 | D:4      | Reached XP level 8. HP: 51/51 MP: 8/8
  3477 | D:4      | Noticed Blork the orc
  3495 | D:4      | Killed Blork the orc
  3706 | D:5      | Entered Level 5 of the Dungeon
  3707 | D:5      | Found a basalt altar of Yredelemnul.
  3782 | D:5      | Reached skill level 1 in Stealth
  3930 | D:5      | Reached skill level 8 in Maces & Flails
  4001 | D:5      | Found an ornate altar of the Wu Jian Council.
  4054 | D:5      | Found a staircase to the Ecumenical Temple.
  4157 | D:5      | Found a glowing silver altar of Zin.
  4727 | D:6      | Reached skill level 9 in Maces & Flails
  4727 | D:6      | Reached XP level 9. HP: 56/56 MP: 9/9
  4783 | D:6      | Reached skill level 5 in Armour
  4869 | D:6      | Noticed a two-headed ogre
  4888 | D:6      | Killed a two-headed ogre
  5484 | D:7      | Reached skill level 10 in Maces & Flails
  5554 | D:7      | Reached **** piety under Trog
  5898 | D:7      | Found a sacrificial altar of Ru.
  5984 | D:7      | Reached XP level 10. HP: 51/63 MP: 10/10
  6473 | D:8      | Found a staircase to the Lair.
  6584 | D:8      | Found a shadowy altar of Dithmenos.
  6628 | D:8      | Reached skill level 11 in Maces & Flails
  6766 | D:8      | Found a white marble altar of Elyvilon.
  6786 | D:8      | Found a bloodstained altar of Trog.
  6962 | D:8      | Found a blossoming altar of Fedhas.
  7169 | D:8      | Found a deep blue altar of Sif Muna.
  7519 | D:9      | Noticed an oklob plant
  7747 | D:9      | Found a glowing golden altar of the Shining One.
  7885 | D:9      | Reached ***** piety under Trog
  8003 | D:9      | Found an opulent altar of Gozag.
  8048 | D:9      | Reached skill level 12 in Maces & Flails
  8074 | D:9      | Noticed an oklob plant
  8310 | D:10     | Entered Level 10 of the Dungeon
  8364 | D:10     | Noticed Sonja
  8385 | D:10     | Noticed Grum
  8445 | D:11     | Noticed Pawles22's ghost (journeyman TrFi)
  8966 | D:10     | Reached XP level 11. HP: 69/69 MP: 11/11
  9001 | D:10     | Cast into level 2 of the Abyss (Sonja)
  9075 | Abyss:2  | Noticed a deep troll
  9075 | Abyss:2  | a deep troll changed into a slime creature
  9085 | Abyss:2  | Noticed a sea snake
  9087 | D:10     | Escaped the Abyss
  9113 | D:10     | Slain by Sonja

Skill      XL: |  1  2  3  4  5  6  7  8  9 10 |
---------------+-------------------------------+-----
Fighting       | 4 5 6 7 8 |  8.7
Maces & Flails | 4 5 7 9 10 12 | 12.5
Dodging        | 2 3 |  3.0
Armour         | 3 4 6 7 |  7.7
Stealth        | 1 |  1.8

Action                   |  1- 3 |  4- 6 |  7- 9 | 10-12 || total
-------------------------+-------+-------+-------+-------++-------
Melee: Mace              |    42 |   221 |   505 |   280 ||  1048
       Morningstar       |       |       |       |   151 ||   151
Invok: Berserk           |     1 |     2 |     6 |     2 ||    11
       Brothers in Arms  |       |       |       |     3 ||     3
       Trog's Hand       |       |       |       |     1 ||     1
  Use: Potion            |       |       |       |     1 ||     1
  Eat: Chunk             |       |     8 |    18 |    10 ||    36
       Ration            |       |       |       |     1 ||     1
Armor: Animal skin       |    16 |    10 |       |       ||    26
       Chain mail        |       |   147 |    32 |       ||   179
       Plate armour      |       |       |   351 |   401 ||   752
Dodge: Dodged            |    18 |   130 |   232 |   205 ||   585
